 Dungeon Crawl Stone Soup version 0.22.0-21-g8bd1b0a (webtiles) character file.

2635 Faca the Spear-Bearer (level 9, -1/78 HPs)
             Began as a Merfolk Gladiator on Aug 19, 2018.
             Was a Priest of Uskayaw.
             Slain by a two-headed ogre
             ... wielding a +0 giant spiked club
              (32 damage)
             ... on level 8 of the Dungeon.
             The game lasted 00:15:38 (5463 turns).

Faca the Spear-Bearer (Merfolk Gladiator)           Turns: 5463, Time: 00:15:38

Health: -1/78      AC:  8    Str: 17    XL:     9   Next: 61%
Magic:  9/9        EV: 15    Int:  7    God:    Uskayaw [***...]
Gold:   399        SH:  0    Dex: 16    Spells: 8/8 levels left

rFire    . . .     SeeInvis .   a - +1 trident
rCold    . . .     Gourm    .   (no shield)
rNeg     . . .     Faith    .   g - +0 ring mail
rPois    .         Spirit   .   c - +1 helmet
rElec    .         Reflect  .   w - +0 cloak
rCorr    +         Harm     .   (no gloves)
MR       .....                  (no boots)
Stlth    ++........             l - amulet of the acrobat
HPRegen  0.23/turn              G - ring of resist corrosion
MPRegen  0.11/turn              t - ring of stealth

@: no status effects
A: change form in water, swift swim, stealthy swim
a: Stomp, Line Pass, Renounce Religion


You were on level 8 of the Dungeon.
You worshipped Uskayaw.
Uskayaw was noncommittal.
You were not hungry.

You visited 1 branch of the dungeon, and saw 8 of its levels.

You collected 399 gold pieces.

Inventory:

Hand Weapons
 a - a +1 trident (weapon)
 y - the +9 rapier of Qony {pierce, rPois Str+3, unknown}
   (You found it on level 6 of the Dungeon)

   It inflicts extra damage upon your enemies.
   It affects your strength (+3).
   It protects you from poison.
Missiles
 i - 11 javelins
 n - 4 throwing nets
 s - 4 steel tomahawks (quivered)
 z - 3 tomahawks
Armour
 c - a +1 helmet (worn)
 g - a +0 ring mail (worn)
 w - a +0 cloak (worn)
Jewellery
 h - an uncursed ring of protection from fire
 l - an amulet of the acrobat (around neck)
 t - a ring of stealth (right hand)
 G - a ring of resist corrosion (left hand)
Wands
 m - a wand of flame (13)
 A - a wand of paralysis (34)
 H - a wand of acid (7)
Scrolls
 b - a scroll of remove curse
 d - a scroll of fear
 k - 2 scrolls of enchant armour
 p - a scroll of vulnerability {unknown}
 q - a scroll of blinking
 v - a scroll of enchant weapon
 x - 4 scrolls of teleportation
 F - a scroll of magic mapping
Potions
 e - 8 potions of curing {unknown}
 j - a potion of flight
 o - 3 potions of lignification
 r - 2 potions of berserk rage {unknown}
 u - a potion of heal wounds {unknown}
 B - a potion of might {unknown}
 C - a potion of haste {unknown}
 D - a potion of agility
 E - a potion of resistance {unknown}
Comestibles
 f - 13 rations


   Skills:
 + Level 9.6 Fighting
 + Level 12.5 Polearms
 - Level 2.0 Throwing
 + Level 6.7 Dodging


You had 8 spell levels left.
You didn't know any spells.
Your spell library was empty.

Dungeon Overview and Level Annotations

Branches:
Dungeon (8/15)             Temple (0/1) D:7
   Lair: D:8-11

Altars:
Fedhas
Makhleb
Ru
Sif Muna
Uskayaw
Xom
Yredelemnul

Annotations:
D:7 3 runed doors, OneManBand's ghost, novice DDFi


Message History

The two-headed ogre is moderately wounded.
You puncture the two-headed ogre!
The two-headed ogre is heavily wounded.
The two-headed ogre closely misses you. x2
Uskayaw will force your foes to helplessly watch your dance.
Uskayaw prepares the audience for your solo!
The helpless two-headed ogre fails to defend itself.
You puncture the two-headed ogre!
The two-headed ogre is severely wounded.
The two-headed ogre is no longer paralysed.
You hit the two-headed ogre.
The two-headed ogre is severely wounded.
The two-headed ogre hits you with a giant spiked club!
The two-headed ogre barely misses you.
You hit the two-headed ogre but do no damage.
The two-headed ogre is severely wounded.
You puncture the two-headed ogre!
The two-headed ogre is almost dead.
The two-headed ogre hits you with a giant spiked club!!
You die...

#####
#####)...
.........
........#
........# #
........#.####
......O@.....#
..........##.#
######....+
#....# #....+
#....# ####..
###


You could see a two-headed ogre.

Vanquished Creatures
  Harold (D:7)
  Grinder (D:5)
  Eustachio (D:6)
  Sigmund (D:2)
  A black bear (D:3)
  2 ogres
  A phantom (D:7)
  A centaur (D:7)
  A bullfrog (D:6)
  3 scorpions
  3 wights (D:7)
  A crimson imp (D:5)
  A bullfrog zombie (D:5)
  2 hounds
  Crazy Yiuf (D:3)
  An orc priest (D:5)
  Ijyb (D:3)
  Terence (D:2)
  An iguana (D:4)
  A centaur skeleton (D:5)
  Natasha (thrice) (D:4)
  An orc wizard (D:7)
  2 worker ants
  3 worker ant zombies (D:5)
  10 adders
  An ooze (D:1)
  3 worms (D:2)
  3 dart slugs
  6 leopard geckos
  12 orcs
  4 giant cockroaches
  6 goblins
  6 hobgoblins
  12 jackals
  6 quokkas
  5 ball pythons
  6 bats
  3 frilled lizards
  4 kobolds
  5 rats
127 creatures vanquished.

Notes
Turn   | Place    | Note
-------+----------+-------------------------------------------
     0 | D:1      | Faca the Merfolk Gladiator began the quest for the Orb.
     0 | D:1      | Reached XP level 1. HP: 16/16 MP: 1/1
   334 | D:1      | Reached XP level 2. HP: 23/23 MP: 2/2
   614 | D:2      | Reached skill level 5 in Polearms
   727 | D:2      | Reached XP level 3. HP: 23/29 MP: 3/3
   902 | D:2      | Noticed Sigmund
   913 | D:2      | Noticed Terence
   920 | D:2      | Killed Sigmund
   920 | D:2      | Reached skill level 7 in Polearms
   920 | D:2      | Reached XP level 4. HP: 30/38 MP: 4/4
   920 | D:2      | Reached XP level 5. HP: 34/43 MP: 5/5
   963 | D:2      | Killed Terence
  1073 | D:2      | Reached XP level 6. HP: 50/50 MP: 6/6
  1150 | D:2      | Reached skill level 5 in Fighting
  1607 | D:3      | Found a runed door.
  1692 | D:3      | Noticed Ijyb
  1722 | D:3      | Killed Ijyb
  1888 | D:3      | Noticed a black bear
  1898 | D:3      | Killed a black bear
  1898 | D:3      | Reached skill level 8 in Polearms
  2235 | D:3      | Noticed Crazy Yiuf
  2243 | D:3      | Killed Crazy Yiuf
  2243 | D:3      | Reached XP level 7. HP: 44/57 MP: 7/7
  2599 | D:4      | Found a basalt altar of Yredelemnul.
  2644 | D:4      | Noticed Natasha
  2654 | D:4      | Killed Natasha
  2677 | D:4      | Reached skill level 9 in Polearms
  2698 | D:4      | Noticed Natasha
  2707 | D:4      | Killed Natasha
  2770 | D:4      | Noticed Natasha
  2780 | D:4      | Killed Natasha
  2985 | D:5      | Entered Level 5 of the Dungeon
  3282 | D:5      | Reached XP level 8. HP: 50/67 MP: 8/8
  3412 | D:5      | Noticed Grinder
  3445 | D:5      | Killed Grinder
  3445 | D:5      | Reached skill level 10 in Polearms
  3663 | D:6      | Found a sacrificial altar of Ru.
  3842 | D:6      | Found a blossoming altar of Fedhas.
  4044 | D:6      | Noticed Eustachio
  4057 | D:6      | Killed Eustachio
  4057 | D:6      | Reached skill level 11 in Polearms
  4322 | D:6      | Got a twisted rapier
  4621 | D:7      | Reached XP level 9. HP: 70/75 MP: 9/9
  4709 | D:7      | Found a burning altar of Makhleb.
  4710 | D:7      | Found a shimmering altar of Xom.
  4711 | D:7      | Found a deep blue altar of Sif Muna.
  4711 | D:7      | Found a hide-covered altar of Uskayaw.
  4719 | D:7      | Found a runed gate.
  4719 | D:7      | Found a runed gate.
  4719 | D:7      | Found a runed gate.
  4719 | D:7      | Noticed OneManBand's ghost (novice DDFi)
  4766 | D:7      | Became a worshipper of Uskayaw the Reveler
  4801 | D:7      | Reached * piety under Uskayaw
  4802 | D:7      | Reached skill level 5 in Dodging
  4828 | D:7      | Reached ** piety under Uskayaw
  4912 | D:7      | Found a staircase to the Ecumenical Temple.
  4963 | D:7      | Noticed Harold
  5039 | D:7      | Reached *** piety under Uskayaw
  5040 | D:7      | Killed Harold
  5040 | D:7      | Reached skill level 12 in Polearms
  5439 | D:8      | Noticed a two-headed ogre
  5463 | D:8      | Slain by a two-headed ogre

Skill      XL: |  1  2  3  4  5  6  7  8  9 |
---------------+----------------------------+-----
Polearms       | 5 7 8 9 11 12 | 12.5
Fighting       | 3 4 5 7 8 9 |  9.6
Dodging        | 6 |  6.7
Throwing       | |  2.0

Action                   |  1- 3 |  4- 6 |  7- 9 || total
-------------------------+-------+-------+-------++-------
Melee: Trident           |   101 |   149 |   284 ||   534
Throw: Throwing net      |     3 |       |       ||     3
       Tomahawk          |       |     6 |     5 ||    11
Evoke: Wand              |       |       |     5 ||     5
  Use: Scroll            |       |       |    13 ||    13
 Stab: Sleeping          |       |     2 |     3 ||     5
       Distracted        |       |       |     1 ||     1
       Paralysed         |       |       |    12 ||    12
  Eat: Chunk             |       |     1 |     2 ||     3
       Ration            |       |     1 |     3 ||     4
Armor: Ring mail         |    28 |    36 |    41 ||   105
Dodge: Dodged            |    67 |    70 |   123 ||   260
